 Dungeon Crawl Stone Soup version 0.26.0-10-g1f06aea511 (webtiles) character file.

Game seed: 11577881008900072953

217 MajorAdolf the Caller (level 5, -6/45 HPs)
             Began as a Naga Wanderer on Jan 19, 2021.
             Killed themself with a badly aimed fireball (12 damage)
             ... on level 4 of the Dungeon.
             The game lasted 00:06:41 (5471 turns).

MajorAdolf the Caller (Naga Wanderer)               Turns: 5471, Time: 00:06:42

Health: -6/45      AC:  6    Str: 13    XL:     5   Next: 94%
Magic:  6/6        EV:  4    Int: 14    God:
Gold:   167        SH:  7    Dex: 11    Spells: 6/6 levels left

rFire    . . .     SeeInvis +   n - +1 hand axe
rCold    . . .     Faith    .   g - +0 kite shield
rNeg     . . .     Spirit   .   c - +0 scale mail
rPois    +         Reflect  .   p - +0 helmet
rElec    .         Harm     .   (no cloak)
rCorr    .         Rampage  .   (no gloves)
Will     .....                  (no barding)
Stlth    ..........             (no amulet)
HPRegen  0.15/turn              (no ring)
MPRegen  0.10/turn              (no ring)

@: short of breath, very slow
A: large, see invisible, deformed body, poison resistance, slowness 2, spit
poison 1, AC +1
a: Spit Poison


You were on level 4 of the Dungeon.
You visited 1 branch of the dungeon, and saw 4 of its levels.

You collected 167 gold pieces.

Inventory:

Hand Weapons
 n - a +1 hand axe (weapon)
Armour
 c - a +0 scale mail (worn)
 g - a +0 kite shield (worn)
 p - a +0 helmet (worn)
Wands
 l - a wand of random effects (16)
Scrolls
 f - a scroll of fear
 j - 3 scrolls of remove curse
 m - a scroll of teleportation
Potions
 a - a potion of flight
 b - 5 potions of curing
 i - a potion of heal wounds
 k - 2 potions of might
 r - a potion of cancellation


   Skills:
 + Level 1.6 Fighting
 * Level 2.5 Axes
 + Level 1.1 Armour
 + Level 1.3 Dodging
 - Level 2.0 Stealth
 + Level 1.1 Shields
 - Level 1.2 Spellcasting
 - Level 2.1 Conjurations
 - Level 3.2 Summonings
 - Level 2.3 Air Magic
 + Level 1.9 Evocations


You had 6 spell levels left.
You didn't know any spells.
Your spell library contained the following spells:

 Spells                   Type           Power        Failure   Level
 Summon Small Mammal      Summ           36%          87%         1
 Shock                    Conj/Air       28%          95%         1
 Swiftness                Air            7%           98%         2
 Static Discharge         Conj/Air       7%           100%        3
 Summon Guardian Golem    Hex/Summ       5%           100%        3
 Airstrike                Air            3%           100%        4
 Lightning Bolt           Conj/Air       3%           100%        5


Dungeon Overview and Level Annotations

Branches:
Dungeon (4/15)
 Temple: D:4-7

Altars:

Portals:
Sewer: D:4


Innate Abilities, Weirdness & Mutations

You cannot wear boots.
Your serpentine skin is tough. (AC +1)
You have supernaturally acute eyesight. (SInv)
Armour fits poorly on your strangely shaped body.
Your system is resistant to poisons. (rPois)
You cover ground very slowly.
You can spit poison.


Message History

You have got your breath back.
The river rat bites you but does no damage.
Press: ? - help, Shift-Dir - straight line, f/p - river rat
Aim: a river rat The splash of poison misses the river rat.
The river rat barely misses you.
Unknown command.
You closely miss the river rat. You block the river rat's attack.
The river rat bites you.
* * * LOW HITPOINT WARNING * * *
Unknown command.
The river rat barely misses you.
Evoke which item? (* to show all) (? for menu, Esc to quit)
Aiming: Random Effects
Press: ? - help, Shift-Dir - straight line, f/p - river rat
Aim: a river rat The fireball explodes!
The fireball engulfs the river rat!
The river rat is almost dead.
The fireball engulfs you!
You die...

########........#
#...............#
#.###############
#.# #.# #.# #.#
#.# #@# #r# #.#
#.# #.# #.# #.#
#†# #.########


You could see a river rat.

Vanquished Creatures
  A hound (D:4)
  An iguana (D:4)
  Robin (D:3)
  5 adders
  2 river rats (D:4)
  3 worms
  3 dart slugs (D:1)
  2 leopard geckos
  2 orcs (D:3)
  2 giant cockroaches (D:2)
  14 goblins
  6 hobgoblins
  5 jackals (D:1)
  2 kobolds
  A quokka (D:3)
  A ball python (D:4)
  10 bats
  5 frilled lizards
  8 rats
74 creatures vanquished.

Notes
Turn   | Place    | Note
-------+----------+-------------------------------------------
     0 | D:1      | MajorAdolf the Naga Wanderer began the quest for the Orb.
     0 | D:1      | MajorAdolf set off with the following items: a +0 club, a
                  | potion of curing, a +0 robe; and the following spells
                  | available to memorise: Summon Small Mammal, Shock,
                  | Swiftness, Static Discharge, Summon Guardian Golem,
                  | Airstrike, Lightning Bolt
     0 | D:1      | Reached XP level 1. HP: 15/15 MP: 2/2
   472 | D:1      | Reached XP level 2. HP: 9/22 MP: 3/3
  1529 | D:1      | Reached XP level 3. HP: 28/28 MP: 4/4
  1620 | D:1      | Reached skill level 1 in Axes
  3131 | D:3      | Reached XP level 4. HP: 33/37 MP: 5/5
  3434 | D:2      | Reached skill level 1 in Fighting
  4162 | D:3      | Reached skill level 1 in Dodging
  4514 | D:3      | Noticed Robin
  4519 | D:3      | Killed Robin
  4520 | D:3      | Reached XP level 5. HP: 44/44 MP: 6/6
  5315 | D:4      | Reached skill level 1 in Armour
  5372 | D:4      | Reached skill level 1 in Shields
  5450 | D:4      | Found a glowing drain.
  5471 | D:4      | Killed themself with a badly aimed fireball

Illustrated notes

Levels and vault maps discovered:
D:1:      psy_arrival_terrarium, layout_basic, chequers_decorated_corner
D:2:      layout_basic
D:3:      layout_basic, uniq_robin
D:4:      layout_basic, portal_sewer_entry_e

Skill      XL: |  1  2  3  4  5 |
---------------+----------------+-----
Axes           | 1 2 |  2.5
Stealth        | 2 |  2.0
Fighting       | 1 |  1.6
Dodging        | 1 |  1.3
Armour         | 1 |  1.1
Shields        | 1 |  1.1
Spellcasting   | |  1.2
Conjurations   | |  2.1
Summonings     | |  3.2
Air Magic      | |  2.3
Evocations     | |  1.9

Action                   |  1- 3 |  4- 6 || total
-------------------------+-------+-------++-------
Melee: Club              |    17 |       ||    17
       Short sword       |    80 |       ||    80
       Hand axe          |     3 |   117 ||   120
 Abil: Spit Poison       |    28 |    24 ||    52
Evoke: Wand              |       |     1 ||     1
  Use: Potion            |       |     1 ||     1
       Scroll            |       |    10 ||    10
 Stab: Sleeping          |     2 |       ||     2
Armor: Ring mail         |    71 |    26 ||    97
       Scale mail        |       |    13 ||    13
Dodge: Dodged            |    67 |    48 ||   115
Block: Kite shield       |    19 |    49 ||    68
